 Dungeon Crawl Stone Soup version 0.28.0 (webtiles) character file.

Game seed: 2461193481185629205

745 AmazingTV the Covert (level 7, -3/32 (33) HPs)
             Began as a Spriggan Brigand on June 28, 2022.
             Was an Initiate of Trog.
             Slain by a gnoll (6 damage)
             ... on level 6 of the Dungeon.
             The game lasted 00:20:06 (8104 turns).

AmazingTV the Covert (Spriggan Brigand)             Turns: 8104, Time: 00:20:07

HP:   -3/32 (33)    AC:  3    Str: 13    XL:     7   Next: 47%
MP:   8/8           EV: 16    Int: 12    God:    Trog [......]
Gold: 162           SH:  0    Dex: 19    Spells: 6/6 levels left

rFire   . . .      SeeInvis +   a - +2 dagger
rCold   . . .      Faith    .   (no shield)
rNeg    . . .      Spirit   .   b - +0 robe
rPois   .          Reflect  .   (helmet restricted)
rElec   .          Harm     .   c - +0 cloak
rCorr   .          Rampage  .   (gloves unavailable)
Will    +....                   (boots unavailable)
Stlth   ++........              (no amulet)
HPRegen 0.10/turn               j - +6 ring of strength
MPRegen 0.11/turn               H - +4 ring of slaying

@: confused, lightly drained, very quick
A: very small, no large weapons, unfitting armour, see invisible, speed 3
a: Renounce Religion


You were on level 6 of the Dungeon.
You worshipped Trog.
Trog was noncommittal.
You visited 2 branches of the dungeon, and saw 7 of its levels.

You collected 162 gold pieces.

Inventory:

Hand Weapons
 a - a +2 dagger (weapon)
Missiles
 e - 2 curare-tipped darts
 g - 156 stones
 q - 2 throwing nets
 x - 38 arrows
 y - 9 sling bullets
 E - 2 poisoned darts (quivered)
Armour
 b - a +0 robe (worn)
 c - a +0 cloak (worn)
Jewellery
 j - a +6 ring of strength (left hand)
 H - a +4 ring of slaying (right hand)
Wands
 p - a wand of acid (11)
 u - a wand of polymorph (6)
 G - a wand of mindburst (11)
Scrolls
 d - a scroll of fog {unknown}
 f - 3 scrolls of amnesia {unknown}
 h - 2 scrolls of enchant weapon {unknown}
 i - 2 scrolls of silence {unknown}
 k - a scroll of holy word {unknown}
 l - a scroll of vulnerability
 m - a scroll of teleportation
 n - 3 scrolls of identify {unknown}
 z - a scroll of summoning {unknown}
 D - a scroll of magic mapping {unknown}
Potions
 o - 2 potions of attraction {unknown}
 r - a potion of lignification {unknown}
 s - a potion of degeneration {unknown}
 t - 2 potions of might {unknown}
 v - a potion of brilliance {unknown}
 w - 2 potions of heal wounds {unknown}
 A - a potion of mutation {unknown}
 B - a potion of haste {unknown}
 C - a potion of curing {unknown}
 F - a potion of flight


   Skills:
 - Level 1.5 Fighting
 + Level 5.6 Short Blades
 + Level 5.1 Throwing
 - Level 1.3 Dodging
 + Level 9.5 Stealth


You had 6 spell levels left.
You didn't know any spells.
Your spell library contained the following spells:

 Spells                   Type           Power      Damage    Failure   Level
 Magic Dart               Conj           0%         1d3       32%         1
 Call Imp                 Summ           0%         N/A       45%         2
 Mephitic Cloud           Conj/Pois/Air  0%         N/A       69%         3


Dungeon Overview and Level Annotations

Branches:
Dungeon (6/15)             Temple (1/1) D:5

Altars:
Ashenzari
Cheibriados
Dithmenos
Elyvilon
Fedhas
Gozag
Hepliaklqana
Kikubaaqudgha
Makhleb
Nemelex Xobeh
Okawaru
Qazlal
Ru
Sif Muna
Trog
Uskayaw
Vehumet
Wu Jian
Xom
Yredelemnul
Zin
The Shining One


Innate Abilities, Weirdness & Mutations

You are very small and have problems with some larger weapons.
You are too small for most types of armour.
You have supernaturally acute eyesight. (SInv)
You cover ground extremely quickly. (Speed+++)


Message History

The gnoll shouts!
An orc comes into view. It is wielding a +0 short sword.
You barely miss the orc. The orc hits you with a +0 short sword.
You barely miss the orc. The orc closely misses you.
The gnoll shouts!
You hit the gnoll.
The gnoll is moderately wounded.
You hear a shout!
The gnoll misses you. The orc closely misses you.
The orc wizard gestures at you while chanting.
The magic dart hits you.
The orc wizard gestures at you while chanting.
You are confused.
You bump into the rock wall.
The orc wizard hits you but does no damage.
The gnoll hits you but does no damage.
You miss the gnoll.
The gnoll is lightly wounded.
The orc misses you.
The orc wizard gestures at you while chanting.
You are more confused.
The gnoll hits you with a +0 whip.
* * * LOW HITPOINT WARNING * * *
You are too confused!
You puncture the orc wizard!
The orc wizard is heavily wounded.
You feel your willpower return. The gnoll barely misses you.
You miss the gnoll.
The gnoll is lightly wounded.
The orc misses you.
The orc wizard hits you with a +0 dagger.
* * * LOW HITPOINT WARNING * * *
The gnoll closely misses you.
You bump into the rock wall.
The gnoll hits you but does no damage. The orc misses you.
The gnoll closely misses you.
You bump into the rock wall.
The iguana closely misses you. The gnoll completely misses you.
The orc barely misses you. The gnoll hits you with a +0 whip.
You die...

##...# ##.........##........
..##g###..#..(....##########
#..#.....#.รท#..[..#
#......$.#.##...z.#
####......(......##
##........(....z.#######
.............)..........
###..#......(..og#######
##.##........og@#
#..##.........l.#
##.#####)........#
....####.........#
#....##..g.####..#
...#....#..# #...#
S).###.....# ##..# l.##
#..#....# #...# .##
#.##..#.... ...


You could see an iguana, 2 wights, an orc wizard, 3 gnolls and an orc.

Vanquished Creatures
  Sigmund (D:3)
  A phantom (D:4)
  A centaur zombie (D:6)
  A jelly (D:5)
  3 hounds
  2 gnoll shamans (D:6)
  An iguana (D:4)
  An orc wizard (D:3)
  6 gnolls
  8 adders
  2 ufetubi (D:5)
  An adder skeleton (D:4)
  2 worms
  2 dart slugs
  13 orcs
  5 ball pythons
  9 endoplasms
  3 giant cockroaches
  5 goblins
  4 hobgoblins
  3 jackals (D:1)
  6 kobolds
  4 quokkas
  8 bats
  2 frilled lizards
  10 rats
104 creatures vanquished.

Vanquished Creatures (others)
  14 plants (D:1)
14 creatures vanquished.

Grand Total: 118 creatures vanquished

Notes
Turn   | Place    | Note
-------+----------+-------------------------------------------
     0 | D:1      | AmazingTV the Spriggan Brigand began the quest for the Orb.
     0 | D:1      | Reached XP level 1. HP: 10/10 MP: 2/2
   119 | D:1      | Reached skill level 6 in Stealth
   341 | D:1      | Reached XP level 2. HP: 14/14 MP: 3/3
   770 | D:1      | Reached XP level 3. HP: 17/18 MP: 4/4
   847 | D:1      | Found a faded altar of an unknown god.
  2027 | D:2      | Reached XP level 4. HP: 12/22 MP: 5/5
  2557 | D:3      | Reached skill level 7 in Stealth
  3289 | D:3      | Reached XP level 5. HP: 20/25 MP: 6/6
  3545 | D:3      | Noticed Sigmund
  3551 | D:3      | Killed Sigmund
  3552 | D:3      | Reached skill level 8 in Stealth
  3552 | D:3      | Reached XP level 6. HP: 30/30 MP: 7/7
  5066 | D:5      | Entered Level 5 of the Dungeon
  5318 | D:5      | Found a glowing golden altar of the Shining One.
  6512 | D:4      | Reached skill level 5 in Short Blades
  6697 | D:4      | Reached skill level 9 in Stealth
  6697 | D:4      | Reached XP level 7. HP: 30/33 MP: 8/8
  6908 | D:5      | Found a staircase to the Ecumenical Temple.
  6915 | Temple   | Entered the Ecumenical Temple
  6928 | Temple   | Became a worshipper of Trog the Wrathful
  7802 | D:6      | Reached skill level 5 in Throwing
  8104 | D:6      | Slain by a gnoll

Illustrated notes

Levels and vault maps discovered:
D:1:      lemuel_arrival_hallway, layout_loops_corners,
          hellmonk_ecumenical_altar_inner_sanctum, nicolae_grassy_gnolls
D:2:      layout_basic
D:3:      layout_loops_cross, kennysheep_generic_room_14, uniq_sigmund
D:4:      layout_gridville, nrook_uturn, minmay_misc_feat_columns
D:5:      layout_cave_pools, lemuel_doored_altar, minmay_temple_entry_junction_2
D:6:      layout_rooms, chequers_serial_rivers_small_3, uniq_blork_the_orc
Temple:   mainiacjoe_temple_hex_bubbles

Skill      XL: |  1  2  3  4  5  6  7 |
---------------+----------------------+-----
Stealth        | 6 7 8 9 |  9.5
Short Blades   | 3 4 5 |  5.6
Throwing       | 3 4 5 |  5.1
Fighting       | |  1.5
Dodging        | |  1.3

Action                   |  1- 3 |  4- 6 |  7- 9 || total
-------------------------+-------+-------+-------++-------
Melee: Dagger            |   114 |   217 |    62 ||   393
       Punch             |       |     2 |       ||     2
Throw: Dart              |     4 |    31 |    12 ||    47
  Use: Potion            |       |     2 |       ||     2
       Scroll            |       |       |     2 ||     2
 Stab: Sleeping          |    14 |    12 |     2 ||    28
       Distracted        |     1 |     3 |     1 ||     5
Armor: Robe              |     8 |    32 |    10 ||    50
Dodge: Dodged            |    61 |   164 |    58 ||   283
